 Dungeon Crawl Stone Soup version 0.31-b1-22-gc680215f68 (webtiles) character file.

Game seed: 3002512130963960017

12847 groovy9 the Basher (level 11, -2/73 HPs)
             Began as a Gargoyle Berserker on Jan 19, 2024.
             Was an Elder of Trog.
             Slain by a komodo dragon (37 damage)
             ... on level 2 of the Lair of Beasts.
             The game lasted 00:33:50 (11453 turns).

groovy9 the Basher (Gargoyle Berserker)            Turns: 11453, Time: 00:33:50

Health: -2/73      AC: 28    Str: 25    XL:     11   Next: 99%
Magic:  3/3        EV:  9    Int: 13    God:    Trog [****..]
Gold:   481        SH:  0    Dex: 15    Spells: 10/10 levels left

rFire   + . .        l - +3 flail "Vodutil" {antimagic, rF+ Will+ Int+5}
rCold   . . .        o - orb {mayhem}
rNeg    + + .        p - +2 chain mail {rN+}
rPois   ∞            (no helmet)
rElec   +            f - +0 cloak
rCorr   +            h - +1 pair of gloves
SInv    .            m - +1 pair of boots
Will    +....        C - amulet of faith
Stlth   x              - +6 ring of dexterity
HPRegen 0.32/turn    v - ring of resist corrosion
MPRegen 0.08/turn

%: mayhem, faith
@: marked
A: sickness immunity, AC +8, negative energy resistance 1, electricity
resistance, torment resistance 1, petrification resistance
a: Renounce Religion, Berserk, Trog's Hand, Brothers in Arms


You were on level 2 of the Lair of Beasts.
You worshipped Trog.
Trog was greatly pleased with you.
You visited 3 branches of the dungeon, and saw 12 of its levels.

You collected 661 gold pieces.
You spent 180 gold pieces at shops.

Inventory:

Hand Weapons
 l - the +3 flail "Vodutil" (weapon) {antimagic, rF+ Will+ Int+5}
   (You found it on level 5 of the Dungeon)

   Int+5:     It affects your intelligence (+5).
   rF+:       It protects you from fire.
   Will+:     It increases your willpower.
 s - a +0 morningstar
Armour
 f - a +0 cloak (worn)
 h - a +1 pair of gloves (worn)
 m - a +1 pair of boots (worn)
 o - an orb of mayhem (worn)
 p - a +2 chain mail of positive energy (worn)
Jewellery
 v - a ring of resist corrosion (right hand)
 x - a +6 ring of dexterity (left hand)
 C - an amulet of faith (around neck)
Wands
 u - a wand of acid (14)
 y - a wand of digging (3)
 A - a wand of polymorph (9)
 B - a wand of paralysis (6)
 E - a wand of roots (3)
Scrolls
 a - 2 scrolls of vulnerability
 b - a scroll of identify
 d - 2 scrolls of blinking
 e - 7 scrolls of teleportation
 j - 3 scrolls of fear
 r - 5 scrolls of revelation
 t - 4 scrolls of enchant armour
 w - 3 scrolls of poison
 z - a scroll of fog
Potions
 c - 5 potions of heal wounds
 g - a potion of resistance
 i - 2 potions of enlightenment
 k - 2 potions of cancellation
 n - a potion of curing
 q - 2 potions of berserk rage
 D - a potion of mutation


   Skills:
 + Level 10.9 Fighting
 * Level 13.6 Maces & Flails
 + Level 10.6 Armour
 - Level 1.5 Dodging


You had 10 spell levels left.
You didn't know any spells.
Your spell library was empty.

Dungeon Overview and Level Annotations

Branches:
Dungeon (9/15)             Temple (1/1) D:6            Lair (2/5) D:9
    Orc (0/2) D:9
  Swamp: Lair:2-3    Shoals: Lair:2-3     Snake: Lair:2-3    Spider: Lair:2-3

Altars:
Ashenzari
Cheibriados
Dithmenos
Elyvilon
Fedhas
Gozag
Hepliaklqana
Kikubaaqudgha
Makhleb
Nemelex Xobeh
Okawaru
Qazlal
Ru
Sif Muna
Trog
Uskayaw
Vehumet
Wu Jian
Xom
Yredelemnul
Zin
The Shining One

Shops:
D:5 [*

Annotations:
D:6 2 transporters, laqueoix's ghost, novice OnGl
D:7 3 runed translucent doors, Sobieck's ghost, novice OnWr


Innate Abilities, Weirdness & Mutations

You are immune to sickness and miasma.
Your stone body is resilient. (AC +8)
You are immune to poison.
You resist negative energy. (rN+)
You are resistant to electric shocks. (rElec)
You are resistant to unholy torment.
You are immune to petrification.


Message History

The bullfrog hits you but does no damage.
A komodo dragon comes into view.
You sock the bullfrog!
The bullfrog is heavily wounded.
A water moccasin comes into view.
The bullfrog closely misses you.
You thump the bullfrog!
You kill the bullfrog!
Trog accepts your kill.
The komodo dragon flies into a frenzy!
The komodo dragon bites the water moccasin!
The komodo dragon bites the water moccasin.
The komodo dragon hisses angrily.
You sock the water moccasin!
The water moccasin is almost dead.
The water moccasin bites you but does no damage.
The komodo dragon misses the water moccasin.
You sock the water moccasin!
You kill the water moccasin!
Trog accepts your kill.
You hit the komodo dragon.
The komodo dragon is lightly wounded.
A lindwurm comes into view.
The komodo dragon bites you!!
You are too injured to fight recklessly!
You are too injured to fight recklessly!
You are too injured to fight recklessly!
You are too injured to fight recklessly!
You are too injured to fight recklessly!
You are too injured to fight recklessly!
You are too injured to fight recklessly!
You hit the komodo dragon but do no damage.
The komodo dragon is lightly wounded.
The komodo dragon bites you but does no damage.
You barely miss the komodo dragon. The komodo dragon bites you!
You hit the komodo dragon.
The komodo dragon is lightly wounded.
The komodo dragon bites you!!!
Ouch! That really hurt!
You die...

............##.....#
............###....#
.........### .#...##
.........## #....# #
##.......####.....##
##P##....†.##.#........
.......[....##........#
......................#
.......@............###
......l..............#
......................#
.....................##
.k....................#
.......................
.......(.............#
...............


You could see a lindwurm and a neutral komodo dragon (fast, strong, frenzied).

Vanquished Creatures
  Erica (Lair:2)
  A two-headed ogre (D:9)
  A cyclops (D:9)
  2 black mambas (Lair:1)
  Jeremiah (D:7)
  A rime drake (D:9)
  4 komodo dragons
  2 polar bears
  8 yaks (Lair:1)
  A wyvern (Lair:1)
  2 steam dragons
  13 water moccasins
  10 ice beasts
  A sky beast (D:8)
  3 orc warriors (D:9)
  2 black bears (D:5)
  2 ogres
  8 wolves
  A centaur (D:8)
  A kobold brigand (D:8)
  10 bullfrogs
  4 scorpions
  8 wights
  8 killer bees
  A howler monkey (D:5)
  4 electric eels
  4 jellies
  3 bombardier beetles
  3 hounds (D:5)
  10 orc priests
  A gnoll bouda (D:9)
  3 iguanas
  11 orc wizards
  11 gnolls
  7 adders
  2 shadow imps (D:7)
  2 dart slugs
  A ribbon worm (D:2)
  35 orcs
  7 ball pythons
  3 bats
  11 endoplasms
  A giant cockroach (D:1)
  9 goblins
  5 hobgoblins
  4 jackals (D:1)
  A quokka (D:3)
  2 frilled lizards (D:1)
  3 kobolds
  5 rats
244 creatures vanquished.

Vanquished Creatures (collateral kills)
  A yak (Lair:1)
  2 killer bees (D:8)
  2 orc priests (D:9)
  9 orcs (D:9)
14 creatures vanquished.

Vanquished Creatures (others)
  A yak (Lair:1)
  An ice beast (D:9)
  An orc (D:9)
3 creatures vanquished.

Grand Total: 261 creatures vanquished

Notes
Turn   | Place    | Note
-------+----------+-------------------------------------------
     0 | D:1      | groovy9 the Gargoyle Berserker began the quest for the Orb.
     0 | D:1      | Reached XP level 1. HP: 14/14 MP: 1/1
   198 | D:1      | Reached XP level 2. HP: 19/19 MP: 2/2
   338 | D:1      | Reached XP level 3. HP: 23/23 MP: 3/3
   476 | D:1      | Reached ** piety under Trog
  1013 | D:2      | Found an opulent altar of Gozag.
  2014 | D:3      | Found an ornate altar of the Wu Jian Council.
  2074 | D:3      | Reached skill level 4 in Maces & Flails
  2096 | D:3      | Reached XP level 4. HP: 29/29 MP: 4/4
  2119 | D:3      | Found an iron altar of Okawaru.
  2125 | D:3      | Found a shimmering blue altar of Sif Muna.
  2176 | D:3      | Reached XP level 5. HP: 28/33 MP: 5/5
  2287 | D:3      | Found a faded altar of an unknown god.
  2968 | D:4      | Reached skill level 5 in Maces & Flails
  2968 | D:4      | Reached XP level 6. HP: 39/39 MP: 6/6
  3006 | D:4      | Found a burning altar of Makhleb.
  4079 | D:5      | Entered Level 5 of the Dungeon
  4151 | D:5      | Identified the +3 flail "Vodutil" {antimagic, rF+ Will+
                  | Int+5}
  4256 | D:5      | Reached skill level 5 in Fighting
  4256 | D:5      | Reached XP level 7. HP: 44/44 MP: 2/7
  4259 | D:5      | Reached skill level 6 in Maces & Flails
  4302 | D:5      | Found Hurphamoc's Overcharged Wands.
  4503 | D:5      | Found Unlosezeuth's Antique Armour Shop.
  4512 | D:5      | Bought a pair of glowing boots for 180 gold pieces
  4708 | D:5      | Reached skill level 5 in Armour
  4715 | D:5      | Reached skill level 7 in Maces & Flails
  4715 | D:5      | Reached XP level 8. HP: 51/51 MP: 2/8
  5015 | D:6      | Noticed a boulder beetle
  5015 | D:6      | Noticed laqueoix's ghost (novice OnGl)
  5017 | D:6      | Found a transporter.
  5050 | D:6      | Found a transporter.
  5126 | D:6      | Reached skill level 8 in Maces & Flails
  5166 | D:6      | Found a shimmering altar of Xom.
  5170 | D:6      | Found a staircase to the Ecumenical Temple.
  5179 | Temple   | Entered the Ecumenical Temple
  5205 | D:6      | Found a snail-covered altar of Cheibriados.
  5390 | D:6      | Found a broken altar of Ashenzari.
  5479 | D:6      | Found a shadowy altar of Dithmenos.
  5509 | D:6      | Reached XP level 9. HP: 53/56 MP: 3/9
  5982 | D:7      | Found a runed translucent gate.
  5987 | D:7      | Found a runed translucent gate.
  5987 | D:7      | Found a runed translucent gate.
  5988 | D:7      | Noticed Sobieck's ghost (novice OnWr)
  5989 | D:7      | Noticed a kobold demonologist
  6004 | D:7      | Found a hide-covered altar of Uskayaw.
  6051 | D:7      | Reached skill level 9 in Maces & Flails
  6123 | D:7      | Noticed Jeremiah
  6513 | D:7      | Killed Jeremiah
  6652 | D:7      | Reached skill level 10 in Maces & Flails
  7013 | D:8      | Found a stormy altar of Qazlal.
  7208 | D:8      | Reached XP level 10. HP: 64/64 MP: 3/10
  7389 | D:8      | Reached *** piety under Trog
  8009 | D:9      | Noticed a cyclops
  8027 | D:9      | Killed a cyclops
  8028 | D:9      | Reached skill level 11 in Maces & Flails
  8198 | D:9      | Found a staircase to the Lair.
  8768 | D:9      | Noticed a two-headed ogre
  8780 | D:9      | Killed a two-headed ogre
  8781 | D:9      | Reached skill level 12 in Maces & Flails
  8781 | D:9      | Reached XP level 11. HP: 26/72 MP: 3/11
  9179 | D:9      | Found a staircase to the Orcish Mines.
  9697 | Lair:1   | Entered Level 1 of the Lair of Beasts
  9869 | Lair:1   | Reached skill level 10 in Fighting
 10243 | Lair:1   | Reached skill level 10 in Armour
 10467 | Lair:1   | Reached skill level 13 in Maces & Flails
 10632 | Lair:1   | Reached **** piety under Trog
 11044 | Lair:2   | Noticed Erica
 11056 | Lair:2   | Killed Erica
 11450 | Lair:2   | Noticed a lindwurm
 11453 | Lair:2   | Slain by a komodo dragon

Illustrated notes

Levels and vault maps discovered:
D:1:      psy_arrival_spokes, layout_basic, nicolae_twisty_statue_hallways
D:2:      layout_loops_corners, basic_altar
D:3:      layout_basic, jmf_multi_god_temple, mainiacjoe_overflow_tiny_flanked,
          shapermc_ecumenical_altar_gd
D:4:      layout_basic, mainiacjoe_overflow_surrounded_room, eino_tiny_chamber
D:5:      minmay_chambers_of_threes, layout_cave_pools, serial_shops, shop,
          nicolae_shop_overcharged_wands
D:6:      layout_basic, ashenzari_conservatory_becter, old_standard_altar,
          grunt_temple_overflow_open, minmay_temple_entry_statues_pillars,
          gammafunk_ghost_arena
D:7:      layout_cave_pools, nicolae_uskayaw_dance_hall,
          gammafunk_ghost_nasty_kobolds, uniq_jeremiah
D:8:      layout_loops_ring, nicolae_qazlal_beasts_of_the_sky,
          minmay_misc_feat_encased, minmay_fractal_squares_gapless_5
D:9:      layout_basic, hellmonk_lair_entry_icy, david_orc_5, minivault_19,
          serial_library_hellmonk_hallway_b, minivault_23
Temple:   nicolae_temple_no_exploring_needed
Lair:1:   layout_roguey, serial_bayou_shore_a, grunt_megastairs_1,
          lemuel_fruit_tree
Lair:2:   gammafunk_boulding_lane, layout_layer_cave, uniq_erica

Skill      XL: |  1  2  3  4  5  6  7  8  9 10 11 |
---------------+----------------------------------+-----
Maces & Flails | 4 5 7 8 10 12 13 | 13.6
Armour         | 3 4 5 6 7 9 10 | 10.6
Fighting       | 4 5 6 8 9 10 | 10.9
Dodging        | |  1.5

Action                     |  1- 3 |  4- 6 |  7- 9 | 10-12 || total
---------------------------+-------+-------+-------+-------++-------
  Melee: Mace              |   120 |    19 |       |       ||   139
         Flail             |       |    48 |   333 |   441 ||   822
         Morningstar       |       |    29 |       |       ||    29
         Punch             |       |     1 |     4 |       ||     5
 Invoke: Berserk           |     2 |     5 |    13 |    11 ||    31
         Trog's Hand       |       |     1 |     3 |     7 ||    11
    Use: Scroll            |       |    15 |     6 |     2 ||    23
         Potion            |       |       |     2 |     2 ||     4
   Stab: Sleeping          |     1 |       |       |       ||     1
 Armour: Animal skin       |     2 |       |       |       ||     2
         Ring mail         |    24 |       |       |       ||    24
         Chain mail        |    23 |    72 |   272 |   362 ||   729
         Leather armour    |    12 |       |       |       ||    12
  Dodge: Dodged            |    64 |    49 |   123 |   147 ||   383
